Construct Section Command Post
Selects Air and Sea Battlegroup
Selects Commando Section Paradrop
Commando Section Paradrop
Construct Platoon Command Post
Selects M1 Pack Howitzer Paradrop
M1 Pack Howitzer Paradrop
Commando Section Paradrop
M1 Pack Howitzer Paradrop
Construct Company Command Post
Selects Centaur Medium Tank
Commando Section Paradrop
Selects Anti-tank Rocket Loiter
Unlock Towed 17-pounder Anti-tank Guns
17-pounder Anti-tank Gun Team
Commando Section Paradrop
Selects Naval Bombardment
Unlock M3 Grant Medium Tanks
Commando Section Paradrop
M1 Pack Howitzer Paradrop